 Dungeon Crawl Stone Soup version 0.19.0-2-gae57169 (webtiles) character file.

187 dobroeutro the Skirmisher (level 5, 0/34 HPs)
             Began as a Gargoyle Fighter on Nov 6, 2016.
             Slain by equalderp2856's ghost (6 damage)
             ... in a sewer.
             The game lasted 00:03:17 (2453 turns).

dobroeutro the Skirmisher (Gargoyle Fighter)        Turns: 2453, Time: 00:03:18

Health: 0/34       AC: 10    Str: 26    XL:     5   Next: 66%
Magic:  5/5        EV:  7    Int:  8    God:
Gold:   124        SH:  9    Dex:  9    Spells: 0 memorised, 4 levels left

rFire  . . .     SeeInvis .     a - +0 flail
rCold  . . .     Gourm    .     b - +0 scale mail
rNeg   + . .     Faith    .     c - +0 shield
rPois  ∞         Spirit   .     (no helmet)
rElec  +         Reflect  .     (no cloak)
rCorr  .         Harm     .     (no gloves)
MR     .....                    (no boots)
Stlth  ..........               (no amulet)
                                (no ring)
                                i - ring of wizardry

@: mighty
A: negative energy resistance 1, electricity resistance, unbreathing,
petrification resistance, rot immunity, AC +4
a: no special abilities


You were in a sewer.
You were not hungry.

You visited 1 branch of the dungeon, and saw 3 of its levels.
You also visited: Sewer.

You collected 124 gold pieces.

Inventory:

Hand Weapons
 a - a +0 flail (weapon)
Armour
 b - a +0 scale mail (worn)
 c - a +0 shield (worn)
Jewellery
 i - a ring of wizardry (left hand)
Scrolls
 e - a scroll of remove curse {unknown}
 h - 4 scrolls of teleportation {unknown}
Potions
 d - a potion of might
 j - a potion of agility
 k - a potion of cure mutation {unknown}
 n - 3 potions of flight {unknown}
 p - a potion of curing {unknown}
 r - a potion of resistance {unknown}
Comestibles
 f - 3 bread rations
 g - 2 fruits
 l - a royal jelly
 m - a meat ration


   Skills:
 + Level 4.8 Fighting
 * Level 4.6 Maces & Flails
 - Level 3.2 Armour
 - Level 3.2 Shields


You had 4 spell levels left.
You didn't know any spells.

Dungeon Overview and Level Annotations

Branches:
Dungeon (3/15)

Altars:
Fedhas
Kikubaaqudgha

Annotations:
Sewer equalderp2856's ghost, amateur FeFi


Innate Abilities, Weirdness & Mutations

You are resistant to torment.
Your stone body is resilient. (AC +4)
You are immune to poison.
You resist negative energy. (rN+)
You are resistant to electric shocks. (rElec)
You can survive without breathing.
You are immune to petrification.
You are immune to rotting.


Message History

You sock the rat!
You kill the rat!
The rat barely misses you.
You hit the rat.
You kill the rat!
Items here: ††††† a rat corpse x2; a river rat corpse; a rat corpse; a river rat corpse Equalderp2856's ghost (amateur Felid Fighter) comes into view.
Equalderp2856's ghost turns its malevolent gaze towards you.
Items here: ††††† a rat corpse x2; a river rat corpse; a rat corpse; a river rat corpse Butcher a rat corpse? [(y)es/(c)hoosy/(n)o/(a)ll/(e)dible/(q)uit/?]
You butcher the rat corpse. x3
You stop butchering the corpses.
You butcher the river rat corpse.
Equalderp2856's ghost hits you!
* * * LOW HITPOINT WARNING * * *
Items here: %%%% ÷ † You feel very mighty all of a sudden.
Equalderp2856's ghost hits you.
You die...

##### ##### #∩@.## ##### ####
##...######W.#####..∩# ###
##..###......#####..##...######..
.............†.##.......#####....
(.(..........†rrr........##..†...
)..............r.............†...
≈.≈≈.≈............W..............
≈≈≈≈≈≈≈≈≈≈≈≈.........≈≈.≈≈.≈≈..≈≈
≈≈≈≈≈≈≈≈≈≈≈.≈.≈.....≈.≈≈≈≈≈≈≈≈≈≈≈


You could see equalderp2856's ghost.

Vanquished Creatures
  Jessica (D:3)
  3 river rats (Sewer)
  4 oozes (D:1)
  2 worms
  4 dart slugs
  A leopard gecko (D:1)
  3 ball pythons (Sewer)
  9 bats
  10 giant cockroaches
  7 goblins
  9 hobgoblins
  10 jackals (D:1)
  2 frilled lizards
  12 kobolds
  21 rats
98 creatures vanquished.

Notes
Turn   | Place    | Note
-------+----------+-------------------------------------------
     0 | D:1      | dobroeutro the Gargoyle Fighter began the quest for the Orb.
     0 | D:1      | Reached XP level 1. HP: 14/14 MP: 1/1
     1 | D:1      | Found a runed door.
   177 | D:1      | Reached XP level 2. HP: 16/19 MP: 2/2
   300 | D:1      | Reached XP level 3. HP: 12/24 MP: 3/3
  1023 | D:1      | Reached XP level 4. HP: 27/29 MP: 4/4
  1771 | D:2      | Found a blossoming altar of Fedhas.
  1774 | D:2      | Found an ancient bone altar of Kikubaaqudgha.
  2079 | D:3      | Noticed Jessica
  2089 | D:3      | Killed Jessica
  2089 | D:3      | Reached XP level 5. HP: 34/34 MP: 5/5
  2240 | D:3      | Found a glowing drain.
  2244 | Sewer    | Entered a sewer
  2447 | Sewer    | Noticed equalderp2856's ghost (amateur FeFi)
  2453 | Sewer    | Slain by equalderp2856's ghost

Skill      XL: |  1  2  3  4 |
---------------+-------------+-----
Fighting       | 4 |  4.8
Maces & Flails | 3 4 |  4.6
Armour         | |  3.2
Shields        | |  3.2

Action                   |  1- 3 |  4- 6 || total
-------------------------+-------+-------++-------
Melee: Flail             |   157 |   219 ||   376
  Use: Scroll            |       |     3 ||     3
       Potion            |       |     1 ||     1
  Eat: Chunk             |       |     6 ||     6
Armor: Scale mail        |    89 |   124 ||   213
Dodge: Dodged            |    62 |    79 ||   141
Block: Shield            |    97 |   120 ||   217
